 Dungeon Sprint DCSS version 0.30-a0-50-gb2d611f6b1 (webtiles) character file.

Game seed: 14352960803224340957

1846 rocky1 the Covert (level 9, -2/63 HPs)
             Began as an Octopode Earth Elementalist on Sept 5, 2022.
             Was a High Priest of Sif Muna.
             Slain by a basilisk (7 damage)
             ... while petrified by a basilisk
             ... in the Dungeon (Sprint VII: "The Pits").
             The game lasted 00:06:32 (1554 turns).

rocky1 the Covert (Octopode Earth Elementalist)     Turns: 1554, Time: 00:06:33

Health: -2/63      AC:  1    Str:  7    XL:     9   Next: 12%
Magic:  19/19      EV:  2    Int: 22    God:    Sif Muna [*****.]
Gold:   0          SH:  0    Dex: 15    Spells: 11/21 levels left

rFire   . . .      SeeInvis .    b - +2 rapier (venom)
rCold   . . .      Faith    .    (no shield)
rNeg    + + +      Spirit   .    (helmet restricted)
rPois   ∞          Reflect  .    (no amulet)
rElec   .          Harm     .    n - +3 ring of dexterity
rCorr   .          Rampage  .    o - +3 ring of evasion
Will    .....      NoTele   +    (no ring)
Stlth   ++++++....               (no ring)
HPRegen 0.20/turn                (no ring)
MPRegen 0.16/turn                (no ring)
                                 (no ring)
                                 (no ring)

@: petrified
A: almost no armour, amphibious, 8 rings, camouflage 1, gelatinous body 1,
(nimble swimmer 1), tentacles
a: Renounce Religion, Channel Magic, Forget Spell, Divine Exegesis


You were in the Dungeon.
You worshipped Sif Muna.
Sif Muna was extremely pleased with you.
You visited 1 branch

Inventory:

Hand Weapons
 b - a +2 rapier of venom (weapon)
 l - a +1 dagger of draining
 m - a +3 dagger
 q - a +2 scimitar of flaming
Jewellery
 n - a +3 ring of dexterity (left tentacle)
 o - a +3 ring of evasion (right tentacle)
Scrolls
 h - 5 scrolls of amnesia
 i - a scroll of summoning
Potions
 a - 5 potions of magic
 c - 9 potions of heal wounds
 d - 2 potions of haste
 e - 2 potions of berserk rage
 f - 3 potions of mutation
 g - 2 potions of invisibility
 j - 7 potions of curing
 p - a potion of might


   Skills:
 + Level 6.8 Fighting
 + Level 6.8 Short Blades
 + Level 7.4 Dodging
 + Level 10.4 Stealth
 + Level 6.7 Spellcasting
 + Level 2.6 Conjurations
 + Level 7.1 Transmutations
 + Level 7.7 Earth Magic
 + Level 7.4 Invocations


You had 11 spell levels left.
You knew the following spells:

 Your Spells              Type           Power      Damage    Failure   Level
a - Sandblast             Erth           82%        2d17      1%          1
b - Stone Arrow           Conj/Erth      60%        3d10      3%          3
c - Petrify               Tmut/Erth      40%        N/A       4%          4
d - Passwall              Tmut/Erth      33%        N/A       1%          2

Your spell library contained the following spells:

 Spells                   Type           Power      Damage    Failure   Level
 Beastly Appendage        Tmut           76%        N/A       1%          1
 Wereblood                Tmut           38%        N/A       1%          2
 Necrotise                Necr           28%        1d5       9%          1
 Sticky Flame             Conj/Fire      13%        2d4       43%         4
 Yara's Violent Unravell  Hex/Tmut       11%        3d6       47%         5
 Agony                    Necr           7%         N/A       93%         5
 Dragon Form              Tmut           19%        N/A       98%         7
 Storm Form               Tmut/Air       11%        N/A       100%        7


Dungeon Overview and Level Annotations

Branches:
Dungeon (1/1)

Altars:
Ashenzari
Cheibriados
Dithmenos
Elyvilon
Fedhas
Gozag
Hepliaklqana
Kikubaaqudgha
Makhleb
Nemelex Xobeh
Okawaru
Qazlal
Ru
Sif Muna
Trog
Uskayaw
Vehumet
Wu Jian
Xom
Yredelemnul
Zin
The Shining One
Jiyva
Lugonu


Innate Abilities, Weirdness & Mutations

You cannot wear most types of armour.
You are amphibious.
You can wear up to eight rings at the same time.
Your skin changes colour to match your surroundings (Stealth+).
Your rubbery body absorbs attacks. (AC +1, EV +1)
((You are camouflaged when in or above water. (Stealth+)))
You have tentacles for arms and can constrict up to eight enemies at once.


Message History

There is a huge open gate to the Metal Vault (Medium) here.
There is a huge open gate to the Metal Vault (Medium) here.
There is a huge open gate to the Metal Vault (Medium) here.
There is a huge open gate to the Metal Vault (Medium) here.
As you open the large door, it creaks loudly!
The hobgoblin shouts!
The basilisk gazes at you.
You are slowing down.
You close the large door.
A hobgoblin opens the large door.
Your limbs are stiffening.
Unknown command.
Casting: Sandblast (safe; 1% risk of failure)
Confirm with . or Enter, or press ? or * to list all spells.
Okay, then.
Casting: Sandblast (safe; 1% risk of failure)
Confirm with . or Enter, or press ? or * to list all spells.
Aiming: Sandblast (safe; 1% risk of failure)
Press: ? - help, Shift-Dir - straight line, f - killer bee
Aim: a killer bee (69% to hit)
The blast of sand hits the killer bee!!
You kill the killer bee!
Sif Muna accepts your kill.
The killer bee buzzes angrily. x2
The killer bee stings you.
You have turned to stone.
The killer bee stings you.
The killer bee stings you but does no damage.
The killer bee stings you. x2; The killer bee stings you!
The killer bee stings you. The killer bee stings you. x4
The killer bee stings you! x2; The killer bee stings you. x2
The killer bee stings you. x8
* * * LOW HITPOINT WARNING * * *
The basilisk bites you!!
* * * LOW HITPOINT WARNING * * *
The killer bee stings you. x3
* * * LOW HITPOINT WARNING * * *
The killer bee stings you!
* * * LOW HITPOINT WARNING * * *
The basilisk bites you!
You die...

###.##................+
.....'................+
'#####......#..#......#
.#..##................#
.'..#####'#####''######
##'###.......##''#####
....##.......##......#
....##.......##..l...#
'#####...<...###@y..##
)...##.......# ##y'##
))..##.......# ....#
######.......# ......#
.#..###########l.....+
.#.############......#
.#.#....#..[[###....##
.#'#)...#..[[# ##++##
.#.)....'..))#


You could see a basilisk and 2 killer bees.

Vanquished Creatures
  A rime drake (D)
  A fire bat (D)
  A redback (D)
  2 wargs (D)
  Duvessa (D)
  3 floating eyes (D)
  An ogre (D)
  A necrophage (D)
  A scorpion (D)
  5 wights (D)
  Dowan (D)
  A killer bee (D)
  A crimson imp (D)
  2 iguanas (D)
  An adder (D)
  An ufetubus (D)
  An orc (D)
  A bat (D)
  An endoplasm (D)
  A giant cockroach (D)
  A goblin (D)
  2 hobgoblins (D)
31 creatures vanquished.

Notes
Turn   | Place    | Note
-------+----------+-------------------------------------------
     0 | D        | rocky1 the Octopode Earth Elementalist began the quest for
                  | the Orb.
     0 | D        | Reached XP level 1. HP: 11/11 MP: 3/3
    17 | D        | Reached skill level 3 in Stealth
    17 | D        | Reached XP level 2. HP: 14/17 MP: 0/5
    46 | D        | Found a bloodstained altar of Trog.
    46 | D        | Found a shimmering blue altar of Sif Muna.
    46 | D        | Found a viscous altar of Jiyva.
    46 | D        | Found a hazy altar of Hepliaklqana.
    46 | D        | Found an opulent altar of Gozag.
    47 | D        | Found a glowing golden altar of the Shining One.
    47 | D        | Found a glowing silver altar of Zin.
    47 | D        | Found a basalt altar of Yredelemnul.
    47 | D        | Found a shimmering altar of Xom.
    47 | D        | Found an ornate altar of the Wu Jian Council.
    47 | D        | Found a sacrificial altar of Ru.
    47 | D        | Found a stormy altar of Qazlal.
    47 | D        | Found an iron altar of Okawaru.
    47 | D        | Found a sparkling altar of Nemelex Xobeh.
    47 | D        | Found a burning altar of Makhleb.
    47 | D        | Found a blossoming altar of Fedhas.
    47 | D        | Found a white marble altar of Elyvilon.
    47 | D        | Found a shadowy altar of Dithmenos.
    47 | D        | Found a snail-covered altar of Cheibriados.
    49 | D        | Found a radiant altar of Vehumet.
    49 | D        | Found a corrupted altar of Lugonu.
    50 | D        | Found a hide-covered altar of Uskayaw.
    50 | D        | Found an ancient bone altar of Kikubaaqudgha.
    50 | D        | Found a broken altar of Ashenzari.
    52 | D        | Became a worshipper of Sif Muna the Loreminder
   175 | D        | Noticed a floating eye
   177 | D        | Paralysed by a floating eye for 2 turns
   179 | D        | Killed a floating eye
   180 | D        | Reached skill level 5 in Stealth
   180 | D        | Reached XP level 3. HP: 24/25 MP: 5/8
   180 | D        | Reached XP level 4. HP: 29/30 MP: 5/9
   181 | D        | Reached * piety under Sif Muna
   314 | D        | Noticed a scorpion
   316 | D        | Killed a scorpion
   317 | D        | Reached skill level 6 in Stealth
   317 | D        | Reached XP level 5. HP: 36/36 MP: 9/11
   334 | D        | Noticed a floating eye
   337 | D        | Reached ** piety under Sif Muna
   338 | D        | Reached skill level 5 in Earth Magic
   340 | D        | Killed a floating eye
   341 | D        | Reached skill level 5 in Dodging
   341 | D        | Reached skill level 7 in Stealth
   341 | D        | Reached XP level 6. HP: 43/43 MP: 8/13
   498 | D        | Learned a level 3 spell: Stone Arrow
   503 | D        | Learned a level 4 spell: Petrify
   519 | D        | Reached *** piety under Sif Muna
   528 | D        | Reached skill level 5 in Spellcasting
   528 | D        | Reached skill level 5 in Transmutations
   528 | D        | Reached skill level 5 in Invocations
   543 | D        | Reached **** piety under Sif Muna
   544 | D        | Reached skill level 8 in Stealth
   544 | D        | Reached XP level 7. HP: 24/49 MP: 12/14
   905 | D        | Reached skill level 5 in Short Blades
   906 | D        | Noticed a redback
   908 | D        | Killed a redback
   909 | D        | Reached skill level 5 in Fighting
   910 | D        | Noticed a fire bat
   910 | D        | Noticed a warg
   910 | D        | Noticed a warg
   911 | D        | Paralysed by a floating eye for 2 turns
   916 | D        | Reached ***** piety under Sif Muna
   922 | D        | Killed a warg
   922 | D        | Received a gift from Sif Muna
   923 | D        | Reached skill level 9 in Stealth
   923 | D        | Reached XP level 8. HP: 47/57 MP: 13/16
   933 | D        | Got Sif Muna's Codex of Shapeshifting and Exhumation {god
                  | gift}
  1085 | D        | Noticed Duvessa
  1085 | D        | Noticed Dowan
  1085 | D        | Noticed a rime drake
  1131 | D        | Reached skill level 1 in Conjurations
  1224 | D        | Killed Dowan
  1245 | D        | Killed Duvessa
  1246 | D        | Reached skill level 10 in Stealth
  1339 | D        | Killed a rime drake
  1339 | D        | Received a gift from Sif Muna
  1340 | D        | Reached XP level 9. HP: 37/63 MP: 10/19
  1342 | D        | Got Peylurch's Almanac of the Unstable Arsonist {god gift}
  1510 | D        | Learned a level 2 spell: Passwall
  1554 | D        | Slain by a basilisk

Illustrated notes

Levels and vault maps discovered:
D:        pitsprint [storerooms_1, entrance_room_1, metal_vault_2, armoury_2,
          mini_pit_1, grid_room_1, main_hall_1, silver_pit, the_coven_1,
          the_vestibule_1, steel_vault_4, golden_pit, hallway_of_sentries,
          crystal_vault_1, iron_vault_4, final_vault]

Skill      XL: |  1  2  3  4  5  6  7  8 |
---------------+-------------------------+-----
Stealth        | 3 5 6 7 8 9 10 | 10.4
Transmutations | 2 3 4 5 6 7 |  7.1
Fighting       | 2 3 4 5 6 |  6.8
Short Blades   | 2 3 4 5 6 |  6.8
Dodging        | 3 4 5 6 7 |  7.4
Spellcasting   | 3 4 5 6 |  6.7
Earth Magic    | 4 5 6 7 |  7.7
Invocations    | 2 3 4 5 6 7 |  7.4
Conjurations   | 2 |  2.6

Action                   |  1- 3 |  4- 6 |  7- 9 || total
-------------------------+-------+-------+-------++-------
Melee: Constrict         |     4 |     5 |     5 ||    14
       Punch             |     1 |       |     1 ||     2
       Unarmed           |     1 |       |       ||     1
       Dagger            |     4 |    30 |    23 ||    57
       Tentacles         |     1 |     6 |     9 ||    16
 Cast: Sandblast         |     4 |     5 |    18 ||    27
       Stone Arrow       |       |       |     2 ||     2
  Use: Potion            |     1 |     1 |     4 ||     6
       Scroll            |       |       |     1 ||     1
 Stab: Sleeping          |       |     4 |     3 ||     7
Armor: Skin              |       |     3 |     2 ||     5
Dodge: Dodged            |     1 |    21 |    22 ||    44

Table legend: (Time is in decaauts)
 A = Elapsed time spent in this place.
 B = Non-inter-level travel time spent in this place.
 C = Inter-level travel time spent in this place.
 D = Time resting spent in this place.
 E = Time spent auto-exploring this place.
 F = Levels seen in this place.
 G = Mean time per level.
                   A        B        C        D        E       F      G
               +--------+--------+--------+--------+--------+-----+--------+
         Total |   1581 |   1537 |     44 |   1080 |      0 |   1 | 1581.0 |
       Dungeon |   1581 |   1537 |     44 |   1080 |      0 |   1 | 1581.0 |
               +--------+--------+--------+--------+--------+-----+--------+

Top non-repeatable levels by time:
       D: 1581 daAuts
